AoeStats
← gumpmaster

Arabia

510219482Analyzed
3v3 RM · 1d ago on Sep 30, 2026· 86m 25s· 6 players
Game mode
Random Map
Map size
Normal (6 player)
Population
200
Speed
Normal
Resources
Standard
Victory
Conquest
Starting age
Dark Age
Ending age
Imperial Age
RankedLock teamsTeams togetherTeam positionsShared explorationLock speedFull tech treeHidden civsTurbo modeCheats
Victory
Defeat
🇦🇷 Ethiopians · Argentina
1019
+13
🇦🇷 Franks · Argentina
1018
+14
🇦🇷 Goths · Argentina
887
+19
🇺🇸 Portuguese · United States
966
-16
🇺🇸 Cumans · United States
957
-15
🇺🇸 Varangians · United States
956
-15
Beck_1401
9:14 Loom
11:00 Feudal Age
13:12 Double-Bit Axe
14:10 Forging
13:45 Horse Collar
14:51 Bloodlines
19:58 Wheelbarrow
20:01 Scale Barding Armor
23:25 Castle Age
21:53 Gold Mining
24:22 Hand Cart
24:47 Bow Saw
24:40 Heavy Plow
24:04 Light Cavalry
24:51 Husbandry
27:25 Iron Casting
29:14 Chain Barding Armor
33:35 Fletching
35:01 Bodkin Arrow
38:40 Imperial Age
35:57 Town Watch
38:50 Cavalier
40:12 Plate Barding Armor
40:37 Blast Furnace
42:05 Bracer
46:04 Two-Man Saw
48:04 Hussar
49:57 Vendel Legacy
50:58 Conscription
51:05 Conscription
53:59 Siege Engineers
54:15 Ballistics
54:56 Chemistry
55:57 Padded Archer Armor
56:18 Murder Holes
56:04 Treadmill Crane
57:19 Stone Mining
57:15 Heavy Mounted Crossbowman
57:17 Cranequins
61:36 Leather Archer Armor
gumpmaster
9:02 Loom
11:18 Feudal Age
13:01 Double-Bit Axe
14:51 Bloodlines
15:10 Scale Barding Armor
20:16 Horse Collar
22:01 Forging
25:25 Castle Age
24:13 Wheelbarrow
24:55 Town Watch
25:11 Gold Mining
25:28 Fletching
29:10 Iron Casting
28:56 Chain Barding Armor
31:49 Steppe Husbandry
33:39 Bow Saw
33:33 Heavy Plow
33:42 Bodkin Arrow
33:48 Padded Archer Armor
36:29 Imperial Age
34:26 Light Cavalry
39:20 Cavalier
39:23 Hussar
41:09 Blast Furnace
41:15 Blast Furnace
41:59 Paladin
43:27 Plate Barding Armor
44:46 Conscription
44:01 Elite Kipchak
44:51 Capped Ram
60:10 Elite Kipchak
64:13 Chemistry
66:00 Ballistics
65:37 Murder Holes
65:53 Masonry
75:41 Crop Rotation
Richard
8:04 Loom
10:15 Feudal Age
18:20 Castle Age
17:20 Fletching
19:14 Double-Bit Axe
19:21 Horse Collar
20:19 Bow Saw
26:15 Ballistics
25:51 Bodkin Arrow
30:09 Heavy Plow
30:01 Stone Mining
33:30 Imperial Age
31:22 Town Watch
32:02 Circumnavigation
35:51 Chemistry
35:04 Bracer
35:04 Padded Archer Armor
36:03 Conscription
44:45 Masonry
48:26 Elite Organ Gun
50:58 Arquebus
56:14 Architecture
55:25 Treadmill Crane
55:51 Siege Engineers
55:43 Murder Holes
58:12 Guilds
60:01 Wheelbarrow
65:34 Bombard Tower
67:33 Guard Tower
71:44 Onager
78:53 Thumb Ring
Chupete
13:39 Feudal Age
14:27 Double-Bit Axe
14:29 Horse Collar
14:58 Loom
17:57 Wheelbarrow
17:08 Man-at-Arms
23:07 Town Watch
26:22 Castle Age
25:15 Scale Mail Armor
25:26 Forging
27:03 Gold Mining
27:16 Squires
26:42 Pikeman
26:43 Long Swordsman
28:22 Bow Saw
28:15 Heavy Plow
29:30 Anarchy
30:20 Hand Cart
31:41 Chain Mail Armor
37:39 Iron Casting
38:10 Husbandry
38:24 Scale Barding Armor
42:47 Imperial Age
43:28 Halberdier
51:21 Conscription
51:06 Two-Handed Swordsman
54:41 Champion
57:05 Blast Furnace
62:59 Perfusion
62:59 Fletching
63:40 Elite Skirmisher
71:21 Bodkin Arrow
77:42 Bracer
83:45 Ballistics
dieguinbo
8:45 Loom
12:03 Feudal Age
12:20 Man-at-Arms
13:03 Double-Bit Axe
20:28 Town Watch
21:03 Gold Mining
23:55 Fletching
24:05 Padded Archer Armor
28:09 Castle Age
29:13 Wheelbarrow
28:18 Crossbowman
29:39 Bodkin Arrow
30:00 Leather Archer Armor
31:04 Gold Shaft Mining
30:39 Squires
32:43 Ballistics
37:50 Thumb Ring
39:22 Stone Mining
39:53 Bow Saw
39:30 Horse Collar
45:12 Stone Shaft Mining
44:39 Heavy Plow
47:56 Imperial Age
46:17 Forging
46:11 Scale Mail Armor
48:02 Arbalester
48:53 Bracer
49:24 Ring Archer Armor
50:08 Chemistry
53:28 Conscription
54:00 Hand Cart
55:06 Two-Man Saw
57:05 Halberdier
60:44 Arson
71:05 Iron Casting
70:46 Chain Mail Armor
80:09 Blast Furnace
79:40 Plate Mail Armor
83:01 Capped Ram
mgabriels
7:12 Loom
11:36 Feudal Age
13:17 Double-Bit Axe
16:36 Castle Age
17:42 Bow Saw
19:19 Husbandry
24:47 Forging
25:27 Scale Barding Armor
27:07 Wheelbarrow
26:46 Town Watch
30:12 Iron Casting
35:18 Imperial Age
33:52 Hand Cart
34:43 Chain Barding Armor
36:12 Cavalier
38:06 Pikeman
38:46 Squires
40:08 Scale Mail Armor
40:11 Gold Mining
40:51 Paladin
42:33 Blast Furnace
43:00 Plate Barding Armor
43:50 Halberdier
44:21 Fletching
44:47 Chain Mail Armor
45:43 Capped Ram
68:18 Plate Mail Armor
67:43 Bodkin Arrow
67:49 Padded Archer Armor
68:18 Chivalry
76:51 Light Cavalry
78:30 Leather Archer Armor
Connection lost

Rejoining the realm…

Still unreachable

The connection could not be restored.

Session expired

The server has moved on; the page needs a fresh start.